 Dungeon Crawl Stone Soup version 0.32-a0-996-gb3226c233f (webtiles) character file.

Game seed: 14136737907113160443

3917 veyX the Cleaver (level 10, 0/77 HPs)
             Began as a Coglin Berserker on Apr 23, 2024.
             Was a Priest of Trog.
             Slain by a basilisk (19 damage)
             ... on level 8 of the Dungeon.
             The game lasted 00:19:00 (6733 turns).

veyX the Cleaver (Coglin Berserker)                 Turns: 6733, Time: 00:19:00

Health: 0/77       AC: -3    Str: 22    XL:     10   Next: 20%
Magic:  10/10      EV: 12    Int:  7    God:    Trog [***...]
Gold:   377        SH:  0    Dex: 13    Spells: 9/9 levels left

rFire   . . .        J - +2 hand axe (freeze) {Tae}
rCold   . . .        l - +4 short sword (venom) {Tertia}
rNeg    . . .        M - +0 ring mail
rPois   .            D - +0 helmet
rElec   .            (no cloak)
rCorr   .            d - +0 pair of gloves
SInv    .            s - +0 pair of boots
Will    ++...        (amulet unavailable)
Stlth   ++           (ring unavailable)
HPRegen 1.32/turn    (ring unavailable)
MPRegen 0.12/turn    (no gizmo)

%: no passive effects
@: strong-willed, corroded, on berserk cooldown, regenerating, slowed, revving,
very slow
A: off-hand wielding, slow wielding, warmup strikes, no jewellery
a: Invent Gizmo, Renounce Religion, Berserk, Trog's Hand


You were on level 8 of the Dungeon.
You worshipped Trog.
Trog was most pleased with you.
You visited 1 branch of the dungeon, and saw 8 of its levels.

You collected 377 gold pieces.

Inventory:

Hand Weapons
 a - a +0 hand axe {Kendra}
 c - a +0 dagger {Yan}
 l - a +4 short sword of venom (offhand) {Tertia}
 v - a +0 long sword
 w - a +0 dagger of venom
 I - a +1 falchion
 J - a +2 hand axe of freezing (weapon) {Tae}
 K - a +4 battleaxe
 P - a +3 dagger of chaos
Missiles
 g - 84 stones
 G - 2 javelins (quivered)
 H - 6 boomerangs
Armour
 b - a +0 animal skin
 d - a +0 pair of gloves (worn)
 s - a +0 pair of boots (worn)
 t - an orb of wrath
 D - a +0 helmet (worn)
 M - a +0 ring mail (worn)
Wands
 F - a wand of flame (22)
 O - a wand of mindburst (18)
Scrolls
 f - 6 scrolls of identify
 j - a scroll of enchant armour {unknown}
 k - 3 scrolls of teleportation {unknown}
 m - 2 scrolls of torment {unknown}
 n - 3 scrolls of immolation {unknown}
 r - 3 scrolls of fog {unknown}
 u - 3 scrolls of noise {unknown}
 x - 2 scrolls of vulnerability {unknown}
 y - a scroll of blinking {unknown}
 z - 2 scrolls of fear {unknown}
 A - a scroll of enchant weapon {unknown}
 L - a scroll of poison {unknown}
 Q - a scroll of amnesia {unknown}
Potions
 e - 2 potions of magic {unknown}
 h - 4 potions of brilliance
 o - 4 potions of enlightenment {unknown}
 p - 3 potions of curing {unknown}
 q - 2 potions of lignification {unknown}
 B - 2 potions of might {unknown}
 C - a potion of cancellation {unknown}
 E - 2 potions of attraction {unknown}
 N - a potion of berserk rage {unknown}


   Skills:
 + Level 6.8 Fighting
 + Level 6.5 Short Blades
 + Level 8.3 Axes
 + Level 1.9 Throwing
 + Level 2.2 Armour
 + Level 5.2 Dodging
 + Level 3.8 Stealth
 + Level 0.3 Unarmed Combat


You had 9 spell levels left.
You didn't know any spells.
Your spell library was empty.

Dungeon Overview and Level Annotations

Branches:
Dungeon (8/15)             Temple (0/1) D:7
   Lair: D:8-11

Altars:
Ashenzari
Nemelex Xobeh
Qazlal
Zin

Annotations:
D:2 Sigmund


Innate Abilities, Weirdness & Mutations

You can wield a second weapon in your off-hand.
It takes a long time for you to wield or remove held weapons.
Your first few attacks do less damage.
You cannot equip rings or amulets.


Message History

The acid dragon claws you but does no damage.
The acid dragon bites you. The acid dragon claws you.
The acid dragon spits acid at you. The splash of acid hits you!!
The acid corrodes you! The acid dragon bites you.
* * * LOW HITPOINT WARNING * * *
The acid dragon claws you.
* * * LOW HITPOINT WARNING * * *
The acid dragon bites you!
* * * LOW HITPOINT WARNING * * *
The acid dragon claws you.
* * * LOW HITPOINT WARNING * * *
You turn to flesh and can move again.
You feel much better. The acid dragon bites you. The acid dragon claws you.
The basilisk gazes at you. You resist with some effort.
You hit the acid dragon with your +4 short sword of venom.
The acid dragon is lightly wounded.
You slash the acid dragon with your +2 hand axe of freezing!
You freeze the acid dragon. The acid dragon spits acid at you.
The splash of acid hits you!
* * * LOW HITPOINT WARNING * * *
The acid corrodes you! The basilisk gazes at you. You resist with some effort.
The acid dragon bites you.
* * * LOW HITPOINT WARNING * * *
The acid dragon barely misses you.
Your skin crawls.
You feel strong-willed. The acid dragon bites you!
* * * LOW HITPOINT WARNING * * *
The acid dragon barely misses you. The basilisk gazes at you.
You resist with almost no effort.
Unknown command.
You feel much better. The acid dragon bites you!
* * * LOW HITPOINT WARNING * * *
The acid dragon misses you. The basilisk bites you!!
You die...

#............#.###
##.#..########.#
#........>.[..#
.......###########
####### ### ######
#.#####.##.#
###.........@##.#
#.....###...lD....#
####..####
#.#.........
##...##.#
####.###....
..####### ### #..
### .


You could see a basilisk and an acid dragon.

Vanquished Creatures
  A kobold demonologist (D:8)
  A komodo dragon (D:8)
  Psyche (D:8)
  Prince Ribbit (D:6)
  A wyvern (D:8)
  A basilisk (D:8)
  A water moccasin (D:7)
  An orc warrior (D:5)
  A black bear (D:5)
  2 sky beasts (D:6)
  An ice beast (D:5)
  2 ogres (D:4)
  3 centaurs
  A phantom (D:4)
  A kobold brigand (D:7)
  A bullfrog (D:8)
  2 scorpions (D:6)
  10 wights (D:7)
  4 killer bees (D:8)
  A crimson imp (D:5)
  4 jellies
  2 hounds
  3 orc priests
  5 iguanas
  2 orc wizards
  4 gnolls (D:5)
  4 adders
  A shadow imp (D:6)
  A white imp (D:5)
  4 ufetubi
  A ribbon worm (D:5)
  2 dart slugs
  15 orcs
  8 ball pythons
  4 bats
  4 endoplasms
  2 giant cockroaches
  4 goblins
  8 hobgoblins
  4 jackals (D:2)
  10 kobolds
  3 quokkas
  A frilled lizard (D:3)
  4 rats
137 creatures vanquished.

Notes
Turn   | Place    | Note
-------+----------+-------------------------------------------
     0 | D:1      | veyX the Coglin Berserker began the quest for the Orb.
     0 | D:1      | Reached XP level 1. HP: 18/18 MP: 1/1
   172 | D:1      | Reached XP level 2. HP: 24/24 MP: 2/2
   405 | D:1      | Found a faded altar of an unknown god.
   800 | D:1      | Reached XP level 3. HP: 29/29 MP: 3/3
  1109 | D:2      | Reached ** piety under Trog
  1150 | D:2      | Noticed Sigmund
  1531 | D:3      | Found a glowing silver altar of Zin.
  1651 | D:3      | Found a broken altar of Ashenzari.
  1723 | D:3      | Reached XP level 4. HP: 33/35 MP: 4/4
  2007 | D:4      | Reached skill level 1 in Short Blades
  2072 | D:4      | Reached skill level 4 in Axes
  2072 | D:4      | Reached XP level 5. HP: 23/42 MP: 5/5
  2316 | D:4      | Noticed an ogre
  2322 | D:4      | Reached skill level 1 in Stealth
  2322 | D:4      | Reached XP level 6. HP: 8/48 MP: 6/6
  2679 | D:4      | Reached XP level 7. HP: 40/55 MP: 7/7
  2957 | D:5      | Entered Level 5 of the Dungeon
  2965 | D:5      | Reached skill level 5 in Axes
  3232 | D:5      | Reached XP level 8. HP: 61/61 MP: 8/8
  3682 | D:5      | Reached *** piety under Trog
  3683 | D:5      | Reached skill level 5 in Fighting
  3683 | D:5      | Reached skill level 6 in Axes
  3884 | D:5      | Found a sparkling altar of Nemelex Xobeh.
  4710 | D:6      | Noticed Prince Ribbit
  4714 | D:6      | Killed Prince Ribbit
  4715 | D:6      | Reached skill level 5 in Short Blades
  4715 | D:6      | Reached skill level 1 in Throwing
  4800 | D:6      | Found a stormy altar of Qazlal.
  4813 | D:6      | Reached XP level 9. HP: 57/68 MP: 9/9
  4901 | D:6      | Reached skill level 7 in Axes
  5596 | D:7      | Found a staircase to the Ecumenical Temple.
  6430 | D:8      | Noticed Psyche
  6435 | D:8      | Killed Psyche
  6452 | D:8      | Noticed a kobold demonologist
  6482 | D:8      | Killed a kobold demonologist
  6636 | D:8      | Reached skill level 8 in Axes
  6636 | D:8      | Reached XP level 10. HP: 70/77 MP: 10/10
  6643 | D:8      | Reached skill level 5 in Dodging
  6733 | D:8      | Slain by a basilisk

Illustrated notes

Levels and vault maps discovered:
D:1:      elethiomel_arrival_infinity_welcomes_careful_drivers,
          layout_loops_corners, chequers_ecumenical_altar_simple_redux,
          minmay_misc_feat_enclosed, minmay_misc_feat_iff
D:2:      layout_loops_ring, serial_undead, serial_undead_b, serial_undead_d,
          serial_undead_b, serial_undead_e, uniq_terence, uniq_robin,
          uniq_jessica, uniq_sigmund
D:3:      layout_loops_cross, lemuel_tele_altar, ashenzari_conservatory_becter,
          chequers_serial_rivers_micro_e
D:4:      layout_cave_pools, minmay_vboxes
D:5:      layout_loops_ring, mainiacjoe_overflow_six_doors_small,
          minmay_fire_ice_demons
D:6:      layout_loops_ring, mainiacjoe_overflow_brackets, uniq_prince_ribbit1
D:7:      layout_basic, minmay_temple_entry_overgrown
D:8:      layout_basic, erik_lair_dragon, uniq_psyche

Skill      XL: |  1  2  3  4  5  6  7  8  9 10 |
---------------+-------------------------------+-----
Dodging        | 2 3 4 5 |  5.2
Short Blades   | 1 2 3 4 5 6 |  6.5
Axes           | 4 5 6 8 |  8.3
Fighting       | 4 5 6 |  6.8
Stealth        | 1 2 3 |  3.8
Throwing       | 1 |  1.9
Armour         | 2 |  2.2
Unarmed Combat | |  0.3

Action                     |  1- 3 |  4- 6 |  7- 9 | 10-12 || total
---------------------------+-------+-------+-------+-------++-------
  Melee: Hand axe          |    75 |    57 |   167 |    19 ||   318
         Dagger            |    49 |       |       |       ||    49
         Short sword       |    28 |    55 |   169 |    19 ||   271
         Unarmed           |       |       |     2 |       ||     2
  Throw: Stone             |       |       |    20 |       ||    20
         Javelin           |       |       |     3 |       ||     3
 Invoke: Berserk           |       |     2 |     8 |     1 ||    11
         Trog's Hand       |       |       |       |     1 ||     1
    Use: Scroll            |       |       |     2 |       ||     2
         Potion            |       |       |       |     2 ||     2
   Stab: Sleeping          |     2 |       |     5 |       ||     7
 Armour: Animal skin       |    46 |    24 |   107 |       ||   177
         Ring mail         |       |       |     9 |    33 ||    42
  Dodge: Dodged            |    41 |    30 |    93 |    16 ||   180

Table legend: (Time is in decaauts)
 A = Elapsed time spent in this place.
 B = Non-inter-level travel time spent in this place.
 C = Inter-level travel time spent in this place.
 D = Time resting spent in this place.
 E = Time spent auto-exploring this place.
 F = Levels seen in this place.
 G = Mean time per level.
                   A        B        C        D        E       F      G
               +--------+--------+--------+--------+--------+-----+--------+
         Total |   6814 |   6661 |    153 |   1303 |   4202 |   8 |  851.8 |
       Dungeon |   6814 |   6661 |    153 |   1303 |   4202 |   8 |  851.8 |
               +--------+--------+--------+--------+--------+-----+--------+

Top non-repeatable levels by time:
     D:6: 1309 daAuts
     D:5: 1150 daAuts
     D:1: 1057 daAuts
     D:4: 978 daAuts
     D:7: 950 daAuts
     D:3: 825 daAuts
     D:8: 428 daAuts
     D:2: 113 daAuts
